 Dungeon Crawl Stone Soup version 0.14.0-7-g2801ba0 (webtiles) character file.

383 RogerD the Shooter (level 5, -1/40 HPs)
             Began as a Centaur Arcane Marksman on Apr 12, 2014.
             Slain by Prince Ribbit (3 damage)
             ... on Level 4 of the Dungeon on Apr 13, 2014.
             The game lasted 00:45:44 (2926 turns).

RogerD the Shooter (Centaur Arcane Marksman)        Turns: 2926, Time: 00:45:45

HP  -1/40        AC  6     Str 13      XL: 5   Next: 41%
MP   0/6         EV  9     Int 14      God:
Gold 193         SH  0     Dex 10      Spells:  3 memorised,  1 level left

rFire  . . .     SeeInvis .     b - +0 bow
rCold  . . .     Clarity  .     M - +0 leather armour
rNeg   . . .     Conserve .     (no shield)
rPois  .         rCorr    .     (no helmet)
rElec  .         rRot     .     l - +1 cloak
SustAb + .       Spirit   .     (no gloves)
rMut   .         Warding  .     (no barding)
Saprov . . .     Stasis   .     t - amulet of rage
MR     .....                    A - +2 ring of intelligence
                                J - ring of sustain abilities {unknown}

@: very slightly contaminated, very quick, not resistant to hostile
enchantments, extremely unstealthy
A: hooves 3, deformed body, herbivore 1, speed 2, fast metabolism 1, tough skin
3
a: Evoke Berserk Rage


You were on level 4 of the Dungeon.
You were not hungry.

You visited 1 branch of the dungeon, and saw 4 of its levels.

You collected 193 gold pieces.

Inventory:

Hand weapons
 b - a +0,+0 bow (weapon)
 g - a +2,+3 flail of holy wrath
 h - a cursed -1,-3 dagger
Missiles
 c - 35 arrows (quivered)
 n - 6 sling bullets of frost
 G - 13 arrows of dispersal
 I - a throwing net
Armour
 a - a +0 robe
 k - a +0 chain mail
 l - a +1 cloak (worn)
 M - a +0 leather armour (worn)
Magical devices
 v - a wand of fireball (4) {unknown}
 z - a wand of teleportation (0)
 E - a wand of confusion (5) {unknown}
Comestibles
 f - 2 bread rations
 p - 2 meat rations
 q - 7 grapes
 u - a choko
Scrolls
 m - 3 scrolls of teleportation
 o - a scroll of enchant weapon II {unknown}
 s - a scroll of amnesia {unknown}
 B - 3 scrolls of remove curse
 D - a scroll of random uselessness {unknown}
 H - 3 scrolls of enchant armour
 O - a scroll of blinking {unknown}
Jewellery
 e - an uncursed ring of regeneration
 t - an amulet of rage (around neck)
 y - an uncursed ring of regeneration
 A - a +2 ring of intelligence (right hand)
 J - a ring of sustain abilities (left hand) {unknown}
Potions
 i - a potion of invisibility {unknown}
 j - a potion of might
 r - a potion of haste {unknown}
 w - 2 potions of brilliance {unknown}
 x - a potion of flight {unknown}
 C - a potion of cure mutation {unknown}
 F - a potion of restore abilities
 K - a potion of paralysis {unknown}
 L - a potion of resistance {unknown}
 N - a potion of curing {unknown}
Books
 d - a book of Debilitation

   Spells                             Type                      Level
   *Corona                            Hexes                        1
   *Slow                              Hexes                        2
   *Inner Flame                       Hexes/Fire                   3
   Enslavement                        Hexes                        4
   Cause Fear                         Hexes                        4
   Leda's Liquefaction                Hexes/Earth                  4


   Skills:
 + Level 1.0 Fighting
 + Level 5.5 Bows
 + Level 1.9 Dodging
 + Level 0.1 Stealth
 + Level 1.7 Spellcasting
 + Level 3.5 Hexes


You had one spell level left.
You knew the following spells:

 Your Spells              Type           Power        Failure   Level  Hunger
a - Corona                Hex            ##.....      6%          1    ##.....
b - Slow                  Hex            ##......     10%         2    ###....
c - Inner Flame           Hex/Fire       #.......     38%         3    ####...


Dungeon Overview and Level Annotations

Branches:
Dungeon (4/15)
 Temple: D:4-7

Altars:
Makhleb

Annotations:
D:4 Prince Ribbit


Innate Abilities, Weirdness & Mutations

You have hooves in place of feet.
Armour fits poorly on your strangely shaped body.
You digest meat inefficiently.
You cover ground very quickly.
You have a fast metabolism.
You have extremely tough skin (AC +3).


Message History

Press: ? - help, Shift-Dir - straight line, f/p - Prince Ribbit
Aim: Prince Ribbit (inner flame)
You shoot an arrow. The arrow misses Prince Ribbit.
Firing (i - inventory. (,) - cycle):
c - 37 arrows (quivered)
Press: ? - help, Shift-Dir - straight line, f/p - Prince Ribbit
Aim: Prince Ribbit (inner flame)
You shoot an arrow. The arrow misses Prince Ribbit.
Prince Ribbit hits you.
Firing (i - inventory. (,) - cycle):
c - 36 arrows (quivered)
Press: ? - help, Shift-Dir - straight line, f/p - Prince Ribbit
Aim: Prince Ribbit (inner flame)
You shoot an arrow. The arrow hits Prince Ribbit.
Prince Ribbit is moderately wounded.
Prince Ribbit hits you!
* * * LOW HITPOINT WARNING * * *
Prince Ribbit hits you!
* * * LOW HITPOINT WARNING * * *
Drink which item? (? for menu, Esc to quit)
You feel refreshed.
It was a potion of restore abilities.
Prince Ribbit hits you.
You die...

#..........# #
##..##.###.####
#.............
##.##.###.####
#.##.# #.# #
#########.##.# #.#
#.?........#.###.#
#............#...#
#...@F....(###...#
#..........# #...#
############
#...#### #.......
########


You could see Prince Ribbit (inner flame).

Vanquished Creatures
  2 orc wizards (D:3)
  Terence (D:2)
  2 adders
  A worm (D:2)
  An inept item mimic (D:3)
  A giant gecko (D:3)
  2 oozes
  13 orcs (D:3)
  A ball python (D:3)
  10 bats
  6 giant cockroaches
  3 goblins
  7 hobgoblins
  6 jackals
  10 kobolds
  2 quokkas
  6 giant newts
  An orc skeleton (D:4)
  9 rats
84 creatures vanquished.

Notes
Turn   | Place    | Note
--------------------------------------------------------------
     0 | D:1      | RogerD, the Centaur Arcane Marksman, began the quest for the Orb.
     0 | D:1      | Reached XP level 1. HP: 16/16 MP: 2/2
     3 | D:1      | Noticed a shark
     4 | D:1      | Noticed a giant goldfish
   192 | D:1      | Reached skill level 3 in Bows
   194 | D:1      | Reached XP level 2. HP: 23/23 MP: 3/3
  1190 | D:2      | Noticed Terence
  1230 | D:2      | Reached XP level 3. HP: 28/28 MP: 4/4
  1512 | D:2      | Reached skill level 4 in Bows
  1799 | D:2      | Killed Terence
  1799 | D:2      | Reached XP level 4. HP: 35/35 MP: 1/5
  1930 | D:3      | Learned a level 2 spell: Slow
  1944 | D:3      | Learned a level 3 spell: Inner Flame
  2234 | D:3      | Found a burning altar of Makhleb.
  2285 | D:3      | Reached skill level 5 in Bows
  2285 | D:3      | Reached XP level 5. HP: 40/40 MP: 4/6
  2899 | D:4      | Noticed Prince Ribbit
  2925 | D:4      | HP: 2/40 [Prince Ribbit (7)]
  2926 | D:4      | Slain by Prince Ribbit

Action                   |  1- 3 |  4- 6 || total
-------------------------+-------+-------++-------
Melee: Bow               |    30 |     4 ||    34
 Fire: Bow               |   147 |    96 ||   243
 Cast: Corona            |    24 |    17 ||    41
       Slow              |       |     1 ||     1
       Inner Flame       |       |     1 ||     1
  Use: Scroll            |     3 |     2 ||     5
       Potion            |       |     1 ||     1
